NTL
ABERDEEN PHEASANTS @ HURON CUBS
06/04/1982
 
TOP OF THE 1ST
Aberdeen Pheasants batting - Pitching for Huron Cubs : RHP Rich N Thompson
Pitching: RHP Rich N Thompson
Batting: SHB Stephen Moore 0-0: Foul Ball, location: 2F
0-1: Fly out, F5 (Flyball, 5D, EV 86.3 MPH)
Batting: RHB Greg Howe 0-0: Ball
1-0: Called Strike
1-1: Foul Ball, location: 2F
1-2: Strikes out swinging
Batting: LHB Robert McNair 0-0: Ball
1-0: Ball
2-0: Called Strike
2-1: Called Strike
2-2: Ball
3-2: Fly out, F7 (Line Drive, 7, EV 96.3 MPH)
Top of the 1st over - 0 runs, 0 hits, 0 errors, 0 left on base; Aberdeen 0 - Huron 0
BOTTOM OF THE 1ST
Huron Cubs batting - Pitching for Aberdeen Pheasants : RHP Jesus Bethancourt
Pitching: RHP Jesus Bethancourt
Batting: RHB Ivan Calderon 0-0: Ball
1-0: Ball
2-0: Called Strike
2-1: SINGLE (Groundball, 4MD, EV 96.3 MPH)
Batting: SHB Keith Smith 0-0: Called Strike
0-1: Foul Ball, location: 2F
0-2: Ball
1-2: Foul Ball, location: 2F
1-2: Fielders Choice at 2nd, 4-6 (Groundball, 4, EV 83.8 MPH)
Batting: LHB Willis Gonzalez 0-0: Ball
1-0: Ball
2-0: Ball
3-0: Base on Balls
Keith Smith to second
Batting: RHB John Alvarez 0-0: Ball
1-0: Called Strike
1-1: Swinging Strike
1-2: Grounds into double play, 6-4-3 (Groundball, 6, EV 88.1 MPH)
Bottom of the 1st over - 0 runs, 1 hit, 0 errors, 1 left on base; Aberdeen 0 - Huron 0
TOP OF THE 2ND
Aberdeen Pheasants batting - Pitching for Huron Cubs : RHP Rich N Thompson
Batting: LHB Tim Thompson 0-0: Ball
1-0: Foul Ball, location: 2F
1-1: Ball
2-1: Ball
3-1: Swinging Strike
3-2: SINGLE (Line Drive, 6MD, EV 100.0 MPH)
Batting: RHB Harry McCulla 0-0: Called Strike
0-1: SINGLE (Groundball, P, EV 78.8 MPH) (infield hit)
Tim Thompson to second
Batting: RHB Pedro Chavez 0-0: Ball
1-0: Called Strike
1-1: Reached via error on a dropped throw from SS, E4 (Groundball, 6, EV 83.1 MPH)
Tim Thompson to third
Harry McCulla to second
Batting: RHB Alejandro Luna 0-0: Ball
1-0: Ground out 6-3 (Groundball, 6S, EV 70.6 MPH)
Tim Thompson scores
Harry McCulla to third
Pedro Chavez to second
Batting: RHB Armando Ramirez 0-0: Called Strike
0-1: Called Strike
0-2: Strikes out swinging
Batting: RHB Diego Martinez 0-0: Ball
Wild Pitch!
Harry McCulla scores
Pedro Chavez to third
1-0: Ball
2-0: Foul Ball, location: 2F
2-1: SINGLE (Groundball, 5S, EV 65.0 MPH) (infield hit)
Pedro Chavez scores
Batting: SHB Stephen Moore 0-0: Ball
1-0: Ball
2-0: Ground out 4-3 (Groundball, 4, EV 78.8 MPH)
Top of the 2nd over - 3 runs, 3 hits, 1 error, 1 left on base; Aberdeen 3 - Huron 0
BOTTOM OF THE 2ND
Huron Cubs batting - Pitching for Aberdeen Pheasants : RHP Jesus Bethancourt
Batting: RHB Greg Zunino 0-0: Called Strike
0-1: Called Strike
0-2: Foul Ball, location: 2F
0-2: Ball
1-2: Foul Ball, location: 2F
1-2: Strikes out swinging, 2-3 out at first.
Batting: RHB Mike Stellern 0-0: Ball
1-0: SOLO HOME RUN (Flyball, 7D, EV 105.6 MPH), Distance : 383 ft
Batting: RHB Duffy Ryan 0-0: Ball
1-0: Ball
2-0: Swinging Strike
2-1: Called Strike
2-2: Strikes out looking
Batting: RHB Ray Ortega 0-0: Ball
1-0: Swinging Strike
1-1: Ball
2-1: Ground out U3 (Groundball, 34, EV 88.1 MPH)
Bottom of the 2nd over - 1 run, 1 hit, 0 errors, 0 left on base; Aberdeen 3 - Huron 1
TOP OF THE 3RD
Aberdeen Pheasants batting - Pitching for Huron Cubs : RHP Rich N Thompson
Batting: RHB Greg Howe 0-0: Foul Ball, location: 2F
0-1: Ball
1-1: Ground out 4-3 (Groundball, 4M, EV 86.9 MPH)
Batting: LHB Robert McNair 0-0: Foul Ball, location: 2F
0-1: SINGLE (Groundball, 4MD, EV 108.8 MPH)
Batting: LHB Tim Thompson 0-0: Called Strike
0-1: Ball
1-1: Ball
2-1: Swinging Strike
2-2: Ball
3-2: Base on Balls
Robert McNair to second
Batting: RHB Harry McCulla 0-0: Called Strike
0-1: Ball
1-1: SINGLE (Line Drive, 9S, EV 98.8 MPH)
Robert McNair to third
Tim Thompson to second
Runner from 3rd tries for Home, SAFE, throw by RF to home
Batting: RHB Pedro Chavez 0-0: Ball
1-0: Ball
2-0: Ball
3-0: Called Strike
3-1: Fly out, F3 (Popup, 3S, EV 68.1 MPH)
Batting: RHB Alejandro Luna 0-0: Ball
1-0: Swinging Strike
1-1: SINGLE (Line Drive, 7S, EV 91.3 MPH)
Tim Thompson to third
Harry McCulla to second
Runner from 3rd tries for Home, SAFE, throw by LF to home
Batting: RHB Armando Ramirez 0-0: Fielders Choice at 2nd, 6-4 (Groundball, 6, EV 101.3 MPH)
Top of the 3rd over - 2 runs, 3 hits, 0 errors, 2 left on base; Aberdeen 5 - Huron 1
BOTTOM OF THE 3RD
Huron Cubs batting - Pitching for Aberdeen Pheasants : RHP Jesus Bethancourt
Batting: SHB Chris Pittaro 0-0: Foul Ball, location: 2F
0-1: Ball
1-1: Ball
2-1: Ground out U3 (Groundball, 34S, EV 83.8 MPH)
Batting: RHB Ivan Calderon 0-0: Swinging Strike
0-1: Called Strike
0-2: Ball
1-2: Strikes out swinging
Batting: SHB Keith Smith 0-0: Ground out 4-3 (Groundball, 4MS, EV 83.1 MPH)
Bottom of the 3rd over - 0 runs, 0 hits, 0 errors, 0 left on base; Aberdeen 5 - Huron 1
TOP OF THE 4TH
Aberdeen Pheasants batting - Pitching for Huron Cubs : RHP Rich N Thompson
Batting: RHB Diego Martinez 0-0: Ground out 6-3 (Groundball, 6, EV 90.0 MPH)
Batting: SHB Stephen Moore 0-0: Called Strike
0-1: Ball
1-1: Foul Ball, location: 2F
1-2: SINGLE (Groundball, 13S, EV 62.5 MPH) (infield hit)
Batting: RHB Greg Howe 0-0: Ball
1-0: Called Strike
1-1: Ball
Stephen Moore steals 2nd base
2-1: Swinging Strike
2-2: Strikes out swinging
Batting: LHB Robert McNair 0-0: Foul Ball, location: 2F
0-1: Ball
1-1: Ball
Passed Ball!
Stephen Moore to third
2-1: Fly out, F9 (Flyball, 89D, EV 86.3 MPH)
Top of the 4th over - 0 runs, 1 hit, 0 errors, 1 left on base; Aberdeen 5 - Huron 1
BOTTOM OF THE 4TH
Huron Cubs batting - Pitching for Aberdeen Pheasants : RHP Jesus Bethancourt
Batting: LHB Willis Gonzalez 0-0: Ball
1-0: Ball
2-0: Called Strike
2-1: Foul Ball, location: 2F
2-2: Fly out, F9 (Flyball, 89S, EV 80.6 MPH)
Batting: RHB John Alvarez 0-0: SOLO HOME RUN (Flyball, 89XD, EV 94.4 MPH), Distance : 404 ft
Batting: RHB Greg Zunino 0-0: Foul Ball, location: 2F
0-1: Hit by Pitch
Batting: RHB Mike Stellern 0-0: Ball
1-0: Ball
2-0: Foul Ball, location: 2F
2-1: Ball
3-1: SINGLE (Groundball, 56D, EV 108.1 MPH)
Greg Zunino to second
Batting: RHB Duffy Ryan 0-0: Ball
1-0: Called Strike
1-1: Ball
2-1: Foul Ball, location: 2F
2-2: Foul Ball, location: 2F
2-2: Fielders Choice at 2nd, 5-4 (Groundball, 56S, EV 84.4 MPH)
Greg Zunino to third
Batting: RHB Ray Ortega 0-0: Foul Ball, location: 2F
0-1: Ball
1-1: Swinging Strike
1-2: Fielders Choice at 2nd, 5-4 (Groundball, 56, EV 84.4 MPH)
Bottom of the 4th over - 1 run, 2 hits, 0 errors, 2 left on base; Aberdeen 5 - Huron 2
TOP OF THE 5TH
Aberdeen Pheasants batting - Pitching for Huron Cubs : RHP Rich N Thompson
Batting: LHB Tim Thompson 0-0: Ball
1-0: Called Strike
1-1: Fly out, F8 (Flyball, 8LD, EV 90.0 MPH)
Batting: RHB Harry McCulla 0-0: Ball
1-0: Ball
2-0: Called Strike
2-1: Called Strike
2-2: Fly out, F8 (Flyball, 8RM, EV 77.5 MPH)
Batting: RHB Pedro Chavez 0-0: Fly out, F8 (Line Drive, 8RD, EV 90.0 MPH)
Top of the 5th over - 0 runs, 0 hits, 0 errors, 0 left on base; Aberdeen 5 - Huron 2
BOTTOM OF THE 5TH
Huron Cubs batting - Pitching for Aberdeen Pheasants : RHP Jesus Bethancourt
Batting: SHB Chris Pittaro 0-0: Ball
1-0: Ball
2-0: Called Strike
2-1: Ground out 4-3 (Groundball, 34D, EV 102.5 MPH)
Batting: RHB Ivan Calderon 0-0: Called Strike
0-1: Ball
1-1: Foul Ball, location: 2F
1-2: Ball
2-2: Ball
3-2: Base on Balls
Batting: SHB Keith Smith 0-0: Called Strike
0-1: Ball
1-1: Fielders Choice at 2nd, 3-6 (Groundball, 3, EV 83.1 MPH)
Batting: LHB Willis Gonzalez 0-0: Ball
1-0: Ball
2-0: Called Strike
2-1: Foul Ball, location: 2F
2-2: Strikes out swinging
Bottom of the 5th over - 0 runs, 0 hits, 0 errors, 1 left on base; Aberdeen 5 - Huron 2
TOP OF THE 6TH
Aberdeen Pheasants batting - Pitching for Huron Cubs : RHP Rich N Thompson
Batting: RHB Alejandro Luna 0-0: Called Strike
0-1: Ball
1-1: Ball
2-1: Foul Ball, location: 2F
2-2: Ball
3-2: Strikes out swinging
Batting: RHB Armando Ramirez 0-0: Called Strike
0-1: Foul Ball, location: 2F
0-2: Ball
1-2: Ball
2-2: DOUBLE (Line Drive, 3D, EV 98.1 MPH)
Batting: RHB Diego Martinez 0-0: Called Strike
0-1: Ground out 5-3 (Groundball, 56, EV 90.6 MPH)
Batting: SHB Stephen Moore 0-0: Ball
1-0: Ball
2-0: Called Strike
2-1: Ball
3-1: Foul Ball, location: 2F
3-2: Fly out, F8 (Flyball, 8LXD, EV 97.5 MPH)
Top of the 6th over - 0 runs, 1 hit, 0 errors, 1 left on base; Aberdeen 5 - Huron 2
BOTTOM OF THE 6TH
Huron Cubs batting - Pitching for Aberdeen Pheasants : RHP Jesus Bethancourt
Batting: RHB John Alvarez 0-0: Ball
1-0: Swinging Strike
1-1: Ground out 6-3 (Groundball, 56, EV 90.0 MPH)
Batting: RHB Greg Zunino 0-0: Called Strike
0-1: Swinging Strike
0-2: Strikes out swinging
Batting: RHB Mike Stellern 0-0: Fly out, F7 (Flyball, 78S, EV 88.8 MPH)
Bottom of the 6th over - 0 runs, 0 hits, 0 errors, 0 left on base; Aberdeen 5 - Huron 2
TOP OF THE 7TH
Aberdeen Pheasants batting - Pitching for Huron Cubs : RHP Rich N Thompson
Batting: RHB Greg Howe 0-0: Ball
1-0: Foul Ball, location: 2F
1-1: Foul Ball, location: 2F
1-2: Strikes out looking
Batting: LHB Robert McNair 0-0: Swinging Strike
0-1: Foul Ball, location: 2F
0-2: Ball
1-2: Ball
2-2: Strikes out looking
Batting: LHB Tim Thompson 0-0: Ball
1-0: Ball
2-0: Fly out, F7 (Flyball, 7D, EV 94.4 MPH)
Top of the 7th over - 0 runs, 0 hits, 0 errors, 0 left on base; Aberdeen 5 - Huron 2
BOTTOM OF THE 7TH
Huron Cubs batting - Pitching for Aberdeen Pheasants : RHP Jesus Bethancourt
Batting: RHB Duffy Ryan 0-0: Swinging Strike
0-1: Ball
1-1: Ball
2-1: Fly out, F8 (Flyball, 89D, EV 95.0 MPH)
Batting: RHB Ray Ortega 0-0: Foul Ball, location: 2F
0-1: SINGLE (Line Drive, 9S, EV 85.0 MPH)
Batting: SHB Chris Pittaro 0-0: Ball
1-0: Ball
2-0: Called Strike
2-1: Fielders Choice at 2nd, 6-4 (Groundball, 6, EV 81.9 MPH)
Batting: RHB Ivan Calderon 0-0: Ball
1-0: Called Strike
1-1: Called Strike
1-2: Strikes out swinging
Bottom of the 7th over - 0 runs, 1 hit, 0 errors, 1 left on base; Aberdeen 5 - Huron 2
TOP OF THE 8TH
Aberdeen Pheasants batting - Pitching for Huron Cubs : RHP Rich N Thompson
Pitching: RHP Rich Carlucci
Batting: RHB Harry McCulla 0-0: Ball
1-0: Ball
2-0: Swinging Strike
2-1: Fly out, F6 (Flyball, 6D, EV 79.4 MPH)
Batting: RHB Pedro Chavez 0-0: SINGLE (Groundball, 4D, EV 98.1 MPH)
Batting: RHB Alejandro Luna 0-0: Ball
1-0: Called Strike
1-1: Swinging Strike
1-2: Foul Ball, location: 2F
1-2: Strikes out swinging
Batting: RHB Armando Ramirez 0-0: Ball
1-0: Called Strike
1-1: Ball
2-1: Called Strike
2-2: Fly out, F8 (Line Drive, 8RD, EV 91.3 MPH)
Top of the 8th over - 0 runs, 1 hit, 0 errors, 1 left on base; Aberdeen 5 - Huron 2
BOTTOM OF THE 8TH
Huron Cubs batting - Pitching for Aberdeen Pheasants : RHP Jesus Bethancourt
Batting: SHB Keith Smith 0-0: Ball
1-0: Foul Ball, location: 2F
1-1: Reached on error, E4 (Groundball, 4, EV 85.6 MPH)
Batting: LHB Willis Gonzalez 0-0: Ball
1-0: Ball
2-0: Ball
3-0: Called Strike
3-1: SINGLE (Line Drive, 34D, EV 98.8 MPH)
Keith Smith to second
Runner from 2nd tries for 3rd, SAFE, throw by RF made to third
Batting: RHB John Alvarez 0-0: Ball
1-0: Ball
2-0: Swinging Strike
2-1: Ball
3-1: Swinging Strike
3-2: Base on Balls
Willis Gonzalez to second
Batting: RHB Greg Zunino 0-0: Called Strike
0-1: Grounds into fielders choice 6-2 (Groundball, 6, EV 85.0 MPH)
Willis Gonzalez to third
John Alvarez to second
Batting: RHB Mike Stellern 0-0: Fly out, F9 (Flyball, 89D, EV 94.4 MPH)
Runner from 3rd tags up, SCORES, throw by RF
John Alvarez to third
Batting: RHB Duffy Ryan 0-0: Called Strike
0-1: Called Strike
0-2: SINGLE (Groundball, 6MD, EV 104.4 MPH)
John Alvarez scores
Greg Zunino to second
Runner from 2nd tries for 3rd, SAFE, throw by CF made to third
Pinch Hitting: LHB Thomas Copeland 0-0: Called Strike
0-1: Ball
1-1: Ball
2-1: Swinging Strike
2-2: Ball
3-2: Base on Balls
Duffy Ryan to second
Pinch Hitting: RHB Mark Carreon 0-0: Called Strike
0-1: Ball
1-1: Called Strike
1-2: Strikes out swinging
Bottom of the 8th over - 2 runs, 2 hits, 1 error, 3 left on base; Aberdeen 5 - Huron 4
TOP OF THE 9TH
Aberdeen Pheasants batting - Pitching for Huron Cubs : RHP Rich Carlucci
Now at 1B: Scot Holliday
Now at 2B: Gary Varsho
Batting: RHB Diego Martinez 0-0: Ball
1-0: Ball
2-0: Ball
3-0: Called Strike
3-1: Fly out, F9 (Flyball, 9D, EV 96.9 MPH)
Batting: SHB Stephen Moore 0-0: Called Strike
0-1: Ball
1-1: Foul Ball, location: 2F
1-2: Foul Ball, location: 2F
1-2: SINGLE (Line Drive, 9LS, EV 89.4 MPH)
Batting: RHB Greg Howe 0-0: Ball
1-0: Foul Ball, location: 2F
1-1: Ball
2-1: Foul Ball, location: 2F
2-2: Strikes out swinging
Pitching: RHP Alex Samano
Batting: LHB Robert McNair 0-0: Ball
1-0: SINGLE (Groundball, 4D, EV 98.1 MPH)
Stephen Moore to second
Runner from 2nd tries for 3rd, SAFE, throw by CF made to third
Batting: LHB Tim Thompson 0-0: Foul Ball, location: 2F
0-1: Ball
1-1: Ball
2-1: Foul Ball, location: 2F
2-2: Foul Ball, location: 2F
2-2: Fly out, F8 (Flyball, 78M, EV 96.3 MPH)
Top of the 9th over - 0 runs, 2 hits, 0 errors, 2 left on base; Aberdeen 5 - Huron 4
BOTTOM OF THE 9TH
Huron Cubs batting - Pitching for Aberdeen Pheasants : RHP Jesus Bethancourt
Pitching: LHP Juan Contreras
Batting: RHB Ivan Calderon 0-0: Called Strike
0-1: Foul Ball, location: 2F
0-2: Foul Ball, location: 2F
0-2: Fly out, F9 (Flyball, 9D, EV 83.8 MPH)
Pinch Hitting: RHB Tony Johnson 0-0: Foul Ball, location: 2F
0-1: Ball
1-1: Called Strike
1-2: Strikes out looking
Batting: LHB Willis Gonzalez 0-0: Ground out U3 (Groundball, 3, EV 98.8 MPH)
Bottom of the 9th over - 0 runs, 0 hits, 0 errors, 0 left on base; Aberdeen 5 - Huron 4
Wednesday, August 5th, 2020 - OOTP Baseball 21.5 Build 76